 Dungeon Crawl Stone Soup version 0.17-a0-1923-gc35365e (webtiles) character file.

80 George the Slasher (level 4, 0/33 HPs)
             Began as a Demonspawn Gladiator on Sept 28, 2015.
             Slain by an orc
             ... wielding a +2 mace of protection
              (1 damage)
             ... on level 3 of the Dungeon.
             The game lasted 00:04:03 (1651 turns).

George the Slasher (Demonspawn Gladiator)           Turns: 1651, Time: 00:04:03

Health: 0/33       AC:  9    Str: 16    XL:     4   Next: 18%
Magic:  4/4        EV:  7    Int:  9    God:
Gold:   114        SH:  0    Dex: 14    Spells: 0 memorised, 3 levels left

rFire  . . .     SeeInvis .     a - +0 long sword
rCold  . . .     Clarity  .     w - +0 chain mail
rNeg   . . .     SustAt   .     (no shield)
rPois  .         Gourm    .     (helmet restricted)
rElec  .         Spirit   .     s - +0 cloak
rCorr  .         Warding  .     (no gloves)
rMut   .         Stasis   .     (no boots)
MR     .....                    (no amulet)
Stlth  ..........               (no ring)
                                (no ring)

@: not resistant to hostile enchantments, extremely unstealthy
A: horns 1, nightstalker 1
a: no special abilities


You were on level 3 of the Dungeon.
You were not hungry.

You visited 1 branch of the dungeon, and saw 3 of its levels.

You collected 114 gold pieces.

Inventory:

Hand weapons
 a - a +0 long sword (weapon)
Missiles
 d - 3 throwing nets
 j - 3 javelins (quivered)
Armour
 s - a +0 cloak (worn)
 w - a +0 chain mail (worn)
Jewellery
 o - an uncursed ring of ice
Scrolls
 g - 2 scrolls of remove curse {unknown}
 k - 4 scrolls of identify {unknown}
 m - a scroll of magic mapping {unknown}
 v - a scroll of noise {unknown}
 y - a scroll of fear {unknown}
Potions
 f - a potion of lignification {unknown}
 i - a potion of flight {unknown}
 l - a potion of invisibility {unknown}
 n - a potion of magic {unknown}
 p - a potion of heal wounds {unknown}
 q - 2 potions of might {unknown}
 r - 2 potions of haste {unknown}
 t - 2 potions of curing {unknown}
 x - a potion of poison {unknown}
Comestibles
 e - 2 bread rations
 h - a meat ration
 u - a slice of pizza
 z - a chunk of flesh


   Skills:
 - Level 2.0 Fighting
 + Level 4.6 Long Blades
 - Level 1.7 Throwing
 - Level 2.6 Dodging


You had 3 spell levels left.
You didn't know any spells.

Dungeon Overview and Level Annotations

Branches:
Dungeon (3/15)

Altars:


Innate Abilities, Weirdness & Mutations

You have a pair of small horns on your head.
You are slightly more attuned to the shadows.


Message History

You hear a shout!
You are too injured to fight recklessly!
You are too injured to fight recklessly!
You are too injured to fight recklessly!
You hit the orc.
The orc is heavily wounded.
The orc hits you but does no damage.
You hit the orc. Your headbutt misses the orc.
The orc is almost dead.
The orc barely misses you.
You completely miss the orc. You headbutt the orc, but do no damage.
The orc is almost dead.
The orc barely misses you.
The orc priest calls down the wrath of Beogh upon you.
Something smites you!
* * * LOW HITPOINT WARNING * * *
You barely miss the orc.
The orc is almost dead.
The orc hits you with a mace of protection.
You die...

##########
#........#
#..########........#
....oo@............#
##.#####..##'#######
#..#..# ##†..##
#...#### #..<#..
##..#.# #..#.#
#####....######


You could see an orc priest and an orc.

Vanquished Creatures
  Crazy Yiuf (D:2)
  An adder (D:3)
  A gnoll (D:1)
  A giant gecko (D:1)
  An orc (D:3)
  5 giant cockroaches
  5 goblins
  3 hobgoblins
  3 jackals (D:1)
  3 kobolds (D:1)
  A ball python (D:1)
  2 bats
  A giant newt (D:1)
  2 quokkas (D:2)
  A rat (D:2)
31 creatures vanquished.

Notes
Turn   | Place    | Note
--------------------------------------------------------------
     0 | D:1      | George the Demonspawn Gladiator began the quest for the Orb.
     0 | D:1      | Reached XP level 1. HP: 16/16 MP: 1/1
    38 | D:1      | Reached skill level 3 in Long Blades
   150 | D:1      | Gained mutation: You are slightly more attuned to the shadows. [demonic ancestry]
   150 | D:1      | Reached XP level 2. HP: 22/22 MP: 2/2
   553 | D:1      | Reached XP level 3. HP: 24/27 MP: 3/3
   876 | D:2      | Noticed Crazy Yiuf
   883 | D:2      | Killed Crazy Yiuf
   883 | D:2      | Reached skill level 4 in Long Blades
  1243 | D:2      | Gained mutation: You have a pair of small horns on your head. [demonic ancestry]
  1243 | D:2      | Reached XP level 4. HP: 33/33 MP: 4/4
  1650 | D:3      | HP: 1/33 [orc priest/divine providence (14)]
  1651 | D:3      | Slain by an orc

Vault maps used:
D:1:      lemuel_arrival_behind_the_door_large, serial_bayou_crossing
D:2:      uniq_crazy_yiuf_cottage
D:3:      uniq_grinder

Action                   |  1- 3 |  4- 6 || total
-------------------------+-------+-------++-------
Melee: Long sword        |    75 |    12 ||    87
 Stab: Sleeping          |     7 |       ||     7
  Eat: Chunk             |     1 |     1 ||     2
